Map: Dreamcatcher LE

Players

Swatopluke - Winner!

  • Race: Protoss Protoss
  • League: Platinum
  • Spawn Location: 5:00

HotPiron

  • Race: Terran Terran
  • League: Diamond
  • Spawn Location: 11:00

VOD

Have the link to the VOD?

Description

Time

  • Played on: Nov. 13, 2018, 5:15 p.m.
  • Length: 9:04
Show
View Real Time Build Order
Export as new Build Order

Swatopluke Protoss - Winner!

Build Orders:  

Get SALT Encoding   

  12  0:00  Probe  
  13  0:13  Probe  
  14  0:17  Pylon  
  14  0:25  Probe  
  15  0:34  Probe  
  15  0:36  Gateway  
  15  0:42  Probe  
  17  0:52  Probe, Assimilator  
  18  1:04  Probe  
  19  1:07  Gateway  
  19  1:16  Probe  
  20  1:23  Cybernetics Core  
  20  1:28  Probe  
  21  1:34  Pylon  
  21  1:40  Probe  
  21  1:44  Assimilator  
  21  1:47  Pylon  
  22  1:52  Adept  
  22  1:53  Adept  
  22  1:54  Warp Gate  
  22  1:56  Probe  
  26  2:16  Adept  
  26  2:17  Adept  
  30  2:24  Pylon  
  30  2:31  Probe  
  31  2:40  Twilight Council  
  31  2:52  Probe  
  28  3:20  Adept, Resonating Glaives  
  28  3:21  Adept  
  28  3:24  Probe  
  33  3:28  Robotics Facility  
  33  3:36  Probe  
  34  3:45  Gateway  
  34  3:48  Probe, Gateway  
  35  4:00  Probe  
  36  4:12  Probe  
  36  4:16  Nexus  
  37  4:20  Assimilator  
  37  4:28  Probe  
  38  4:40  Probe  
  39  4:49  Pylon  
  39  4:52  Pylon  
  39  5:01  Immortal  
  39  5:06  Probe  
  40  5:16  Stalker x2  
  40  5:17  Stalker  
  46  5:24  Charge  
  46  5:27  Probe  
  47  5:34  Assimilator  
  47  5:38  Shield Battery  
  47  5:39  Probe  
  48  5:43  Observer  
  49  5:56  Probe x2  
  51  6:02  Stalker x2  
  51  6:03  Zealot  
  57  6:08  Probe, Zealot  
  58  6:37  Stalker x3  
  58  6:38  Stalker  
  64  6:43  Probe x2  
  66  6:51  Pylon  
  66  6:59  Probe  
  66  7:00  Probe, Stargate  
  64  7:24  Stalker x2  
  64  7:25  Stalker x2  
  72  7:35  Void Ray  
  72  7:36  Observer  
  72  7:48  Zealot  
  78  7:56  Pylon  
  78  7:57  Pylon  
  78  7:59  Pylon  
  78  8:01  Pylon  
  78  8:09  Void Ray  
  78  8:14  Probe x2  
  84  8:21  Nexus  
  84  8:26  Probe x2  
  84  9:02  Stalker x4  
Show
View Real Time Build Order
Export as new Build Order

HotPiron Terran 

Build Orders: Reaper Expand 

Get SALT Encoding   

  12  0:01  SCV  
  13  0:13  SCV  
  14  0:19  Supply Depot  
  14  0:25  SCV  
  15  0:41  SCV  
  15  0:42  Refinery  
  16  0:45  Barracks  
  16  0:53  SCV  
  17  1:05  SCV  
  18  1:17  SCV  
  19  1:35  Reaper  
  20  1:45  Orbital Command  
  20  1:52  Command Center  
  20  2:03  Supply Depot  
  20  2:07  Refinery  
  20  2:10  Marine  
  21  2:21  Bunker  
  21  2:25  SCV  
  22  2:37  SCV  
  22  2:43  Marine  
  24  2:49  Factory  
  23  3:19  SCV  
  24  3:21  Orbital Command  
  24  3:31  Barracks Reactor  
  24  3:32  Supply Depot  
  24  3:35  SCV  
  25  3:44  Engineering Bay  
  25  3:47  SCV  
  26  3:50  Cyclone  
  29  3:59  SCV  
  30  4:11  Command Center  
  30  4:13  SCV x2  
  32  4:23  Marine x2  
  34  4:25  SCV  
  34  4:28  Factory Tech Lab  
  34  4:29  Barracks  
  35  4:39  SCV  
  35  4:43  Marine x2  
  38  4:47  Barracks  
  38  4:53  Missile Turret  
  38  4:55  SCV  
  38  4:57  Missile Turret  
  36  5:14  SCV  
  36  5:17  SCV  
  36  5:20  Siege Tank  
  41  5:21  Barracks Tech Lab  
  41  5:25  SCV  
  41  5:26  SCV  
  43  5:29  SCV  
  44  5:35  Barracks Tech Lab  
  44  5:37  SCV  
  44  5:39  SCV  
  44  5:41  SCV  
  47  5:45  Marine  
  47  5:46  Marine  
  49  5:51  Refinery  
  49  5:52  Refinery  
  49  5:55  SCV  
  50  5:59  SCV  
  51  6:05  SCV  
  51  6:06  Marine  
  51  6:07  SCV  
  51  6:08  Stimpack  
  54  6:12  Supply Depot  
  54  6:15  SCV, Engineering Bay  
  54  6:18  SCV, Supply Depot  
  55  6:24  SCV  
  56  6:28  SCV  
  56  6:30  SCV  
  57  6:37  SCV  
  58  6:40  SCV  
  58  6:43  Orbital Command  
  58  6:46  Terran Infantry Armor Level 1  
  59  6:47  Terran Infantry Weapons Level 1  
  59  6:49  Barracks, SCV  
  59  6:52  Barracks, SCV  
  59  6:53  Supply Depot  
  61  6:55  Supply Depot x3  
  61  6:56  Armory  
  61  7:01  SCV  
  62  7:04  SCV  
  62  7:06  Marine  
  63  7:13  SCV  
  60  7:25  SCV  
  60  7:26  Marine  
  60  7:27  Marine x2, Marauder  
  60  7:29  Siege Tank  
  68  7:41  SCV  
  68  7:42  Marine  
  69  7:44  Marine  
  69  7:45  Marauder  
  69  7:49  Marauder  
  75  7:51  SCV  
  75  8:03  Marine  
  75  8:04  Marine  
  76  8:09  Barracks Tech Lab  
  76  8:10  Barracks Tech Lab  
  76  8:12  Marine  
  77  8:26  Starport  
  64  8:42  Marine x2, Marauder  
  64  8:44  SCV  
Tags
 
Add a new tag
Caveats
  • Supply blocks, unpowered buildings, or Contaminate may cause inaccurate times.
  • Supply counts are checked every 10 seconds.